 Dungeon Crawl Stone Soup version 0.17-a0-1479-g4041c36 (webtiles) character file.

15199 amnekian the Nimble (level 12, -5/81 HPs)
             Began as an Octopode Earth Elementalist on July 3, 2015.
             Was an Initiate of Gozag.
             Slain by Urug
             ... wielding a +0 great sword
              (18 damage)
             ... on level 2 of the Lair of Beasts on July 4, 2015.
             The game lasted 01:45:14 (19122 turns).

amnekian the Nimble (Octopode Earth Elementalist)  Turns: 19122, Time: 01:45:14

Health: -5/81      AC:  3    Str:  7    XL:     12   Next: 24%
Magic:  24/24      EV: 27    Int: 19    God:    Gozag
Gold:   265        SH:  0    Dex: 25    Spells: 5 memorised, 2 levels left

rFire  . . .     SeeInvis .     l - +3 whip (elec)
rCold  . . .     Clarity  .     (no shield)
rNeg   . . .     SustAt   .     q - +2 hat
rPois  +         Gourm    .     Q - amulet of rage
rElec  .         Spirit   .     L - ring of magical power
rCorr  .         Warding  .     w - ring of poison resistance
rMut   .         Stasis   .     S - +4 ring of dexterity
MR     .....                    (no ring)
Stlth  ++++++++..               (no ring)
                                (no ring)
                                (no ring)
                                (no ring)

@: agile, not resistant to hostile enchantments, extraordinarily stealthy
A: almost no armour, amphibious, 8 rings, constrict 8, camouflage 1, gelatinous
body 1
a: Potion Petition, Call Merchant, Bribe Branch, Renounce Religion, Evoke
Berserk Rage


You were on level 2 of the Lair of Beasts.
You worshipped Gozag.
Gozag was noncommittal.
You were not hungry.

You visited 3 branches of the dungeon, and saw 14 of its levels.
You also visited: Ossuary.

You collected 2995 gold pieces.
You spent 427 gold pieces at shops.
You paid 2303 gold pieces to Gozag.

Inventory:

Hand weapons
 l - a +3 whip of electrocution (weapon)
 I - a +0 blowgun
 Z - a +0 hunting sling of flaming
Missiles
 a - 189 stones (quivered)
 i - 7 tomahawks
 p - 63 sling bullets
 u - 87 poisoned needles
 z - 4 sling bullets of frost
 N - 5 needles of sleeping
 U - a throwing net
 X - 2 curare-tipped needles
Armour
 q - a +2 hat (worn)
Magical staves
 x - an uncursed staff of earth
Jewellery
 f - an uncursed ring of teleportation
 w - a ring of poison resistance (right tentacle)
 E - an uncursed amulet of regeneration
 L - a ring of magical power (left tentacle)
 Q - an amulet of rage (around mantle)
 S - a +4 ring of dexterity (on tentacle)
Magical devices
 y - a wand of draining (11)
 H - a wand of digging (11)
 K - a wand of magic darts (22)
 M - a wand of magic darts (32)
 O - a wand of magic darts (27)
 P - a wand of cold (3)
Scrolls
 e - 9 scrolls of teleportation
 g - 3 scrolls of noise
 j - 6 scrolls of identify
 r - 8 scrolls of random uselessness
 s - 3 scrolls of immolation
 v - a scroll of enchant armour
 A - 5 scrolls of remove curse
 C - 2 scrolls of magic mapping
 D - a scroll of enchant weapon
 J - a scroll of recharging
 W - 4 scrolls of blinking
Potions
 d - 2 potions of mutation
 h - 2 potions of magic
 k - 4 potions of haste
 n - a potion of cancellation {unknown}
 o - 2 potions of lignification
 t - 2 potions of curing
 B - 2 potions of ambrosia {unknown}
 F - a potion of degeneration {unknown}
 R - a potion of flight {unknown}
Books
 b - a book of Geomancy

   Spells                             Type                      Level
   a - Sandblast                      Earth                        1
   b - Stoneskin                      Transmutation/Earth          2
   c - Passwall                       Transmutation/Earth          3
   d - Stone Arrow                    Conjuration/Earth            3
   e - Petrify                        Transmutation/Earth          4
   f - Lee's Rapid Deconstruction     Earth                        5
 T - a book of Air

   Spells                             Type                      Level
   a - Shock                          Conjuration/Air              1
   b - Swiftness                      Charms/Air                   2
   c - Repel Missiles                 Charms/Air                   2
   d - Static Discharge               Conjuration/Air              3
   e - Lightning Bolt                 Conjuration/Air              5
 Y - a book of Envenomations

   Spells                             Type                      Level
   a - Spider Form                    Transmutation/Poison         3
   b - Alistair's Intoxication        Transmutation/Poison         4
   c - Olgreb's Toxic Radiance        Poison                       4
   d - Poisonous Cloud                Conjuration/Poison/Air       6
Miscellaneous
 V - a phial of floods
Comestibles
 c - 3 bread rations
 m - 7 meat rations


   Skills:
 - Level 7.2 Fighting
 - Level 5.2 Maces & Flails
 - Level 9.0 Dodging
 - Level 6.5 Stealth
 * Level 8.0 Unarmed Combat
 - Level 2.0 Spellcasting
 - Level 8.8 Transmutations
 - Level 8.7 Earth Magic
 - Level 3.1 Poison Magic


You had 2 spell levels left.
You knew the following spells:

 Your Spells              Type           Power        Failure   Level  Hunger
a - Sandblast             Erth           #####.       1%          1    #......
b - Stoneskin             Trmt/Erth      #####...     1%          2    ###....
c - Passwall              Trmt/Erth      #####.....   1%          3    ###....
d - Petrify               Trmt/Erth      #####...     6%          4    #####..
e - Spider Form           Trmt/Pois      ###.......   6%          3    ###....


Dungeon Overview and Level Annotations

Branches:
Dungeon (11/15)            Temple (1/1) D:6            Lair (2/8) D:8
    Orc: D:9-12

Altars:
Dithmenos
Fedhas
Gozag
Kikubaaqudgha
Makhleb
Nemelex Xobeh
Okawaru
Qazlal
Ru
Sif Muna
Trog
Vehumet
Xom
Yredelemnul
Zin

Shops:
D:5 [   D:9 %   D:14 :

Annotations:
D:3 exclusion: player ghost, urechis's ghost, average TeBe
D:4 exclusion: oklob sapling
D:5 exclusion: Menkaure
Lair:2 exclusions: hippogriff and hydra, Urug


Innate Abilities, Weirdness & Mutations

You cannot wear most types of armour.
You are amphibious.
You can wear up to eight rings at the same time.
You can use your tentacles to constrict eight enemies at once.
Your skin changes colour to match your surroundings (Stealth).
Your rubbery body absorbs attacks (AC +1).


Message History

* * * LOW HITPOINT WARNING * * *
Unknown command.
Drink which item? (? for menu, Esc to quit)
You feel better.
You constrict Urug. Urug hits you with a great sword!
* * * LOW HITPOINT WARNING * * *
Drink which item? (? for menu, Esc to quit)
You feel agile all of a sudden.
You constrict Urug.
Urug splashes around in the water.
Urug barely misses you.
You hit Urug but do no damage.
Urug is severely wounded.
You constrict Urug. Urug closely misses you.
Unknown command.
You hit Urug.
Urug is severely wounded.
You constrict Urug. You hit Urug but do no damage.
Urug is severely wounded.
You constrict Urug. Urug hits you with a great sword!!
You die...
Your body crumbles into a pile of gold.
D

P.###....## ###.#............#
####..## ##.#..........#...#
###.##...###.#...........##...
##..#.....................#.#.#
###.......♣♣♣♣##♣♣.#.♣###♣.......
........P.##♣♣♣♣♣♣P♣♣♣♣#♣♣♣.♣..#.
.###.##...♣♣P(P♣≈≈♣(♣♣.P♣♣.♣.PP♣.
..###.♣♣♣P.....o≈≈≈P♣....PPP♣.♣♣#
..##♣♣♣ ♣..♣.P≈≈@(#######..P.♣.♣♣
....♣ ♣.♣♣.♣.≈≈## ##..P.♣.♣ .♣♣♣
♣♣♣♣..♣.PP.## ##..P.♣♣ #♣
♣♣.♣.♣...♣.## ##P..♣ #
♣♣.......♣.## ##.♣♣
♣.♣♣...♣.♣♣≈## #.♣♣
♣P♣♣♣♣♣..♣)≈≈## ##♣♣.♣
♣♣♣♣♣♣.♣P.P♣≈≈## ##.♣.P♣ #♣
♣P♣♣..♣...♣.♣≈P## ##..P.♣♣ ♣


You could see Urug.

Vanquished Creatures
  Pikel (D:7)
  4 hill giants
  A cyclops (D:10)
  A black mamba (Lair:1)
  2 spiny frogs (Lair:1)
  A fire drake (D:8)
  3 komodo dragons (Lair:1)
  A troll (D:10)
  Prince Ribbit (D:5)
  2 blink frogs
  Sigmund (D:5)
  22 yaks
  A spriggan (D:8)
  A basilisk (Lair:1)
  A hungry ghost (D:9)
  A wyvern (D:8)
  Menkaure (D:5)
  A hippogriff (Lair:2)
  2 wargs (D:10)
  Duvessa (D:5)
  3 orc warriors
  2 water moccasins (Lair:1)
  3 ice beasts
  2 phantoms (D:9)
  5 porcupines
  A sky beast (D:6)
  A slave (D:7)
  4 black bears
  2 necrophages
  6 ogres
  3 crocodiles
  An eye of draining (D:9)
  5 centaurs
  5 giant frogs
  3 big kobolds
  Blork the orc (D:5)
  Dowan (D:5)
  A water moccasin skeleton (D:9)
  A quasit (D:10)
  A giant frog skeleton (D:9)
  4 centaur zombies
  A human zombie (Ossuary)
  5 orc priests
  11 orc wizards
  7 iguanas
  4 worker ants
  A killer bee zombie (D:10)
  3 sheep (D:10)
  A hound zombie (D:9)
  4 mummies (Ossuary)
  A hound skeleton (D:9)
  A worker ant zombie (D:9)
  6 adders
  4 gnolls
  13 river rats (Lair:1)
  2 shadow imps
  An adder zombie (D:5)
  An ooze (D:3)
  An adder skeleton (D:7)
  4 worms
  2 giant geckos
  30 orcs
  3 ball pythons
  11 bats
  A bat skeleton (D:5)
  3 giant cockroaches
  A gnoll zombie (Ossuary)
  17 hobgoblins
  9 jackals
  35 kobolds
  5 quokkas
  7 giant newts
  10 goblins
  2 hobgoblin zombies (Ossuary)
  A jackal skeleton (D:5)
  A jackal zombie (D:6)
  2 kobold zombies (Ossuary)
  A quokka skeleton (D:5)
  A quokka zombie (D:7)
  23 rats
340 creatures vanquished.

Vanquished Creatures (others)
  A hungry ghost (D:7)
  A centaur (D:7)
  A crimson imp (D:7)
  A kobold (D:7)
  2 rats (D:7)
  5 fungi
  12 plants (Lair:2)
23 creatures vanquished.

Grand Total: 363 creatures vanquished

Notes
Turn   | Place    | Note
--------------------------------------------------------------
     0 | D:1      | amnekian the Octopode Earth Elementalist began the quest for the Orb.
     0 | D:1      | Reached XP level 1. HP: 11/11 MP: 3/3
   152 | D:1      | Reached XP level 2. HP: 13/17 MP: 1/5
   156 | D:1      | Learned a level 2 spell: Stoneskin
   859 | D:2      | Reached XP level 3. HP: 4/21 MP: 4/6
  1509 | D:2      | Reached skill level 4 in Earth Magic
  1782 | D:2      | Found a bloodstained altar of Trog.
  2018 | D:2      | Reached XP level 4. HP: 27/27 MP: 1/7
  2761 | D:3      | Noticed urechis's ghost (average TeBe)
  2918 | D:3      | Found an opulent altar of Gozag.
  2918 | D:3      | Found a sparkling altar of Nemelex Xobeh.
  2971 | D:3      | Became a worshipper of Gozag Ym Sagoz the Greedy
  3200 | D:4      | Found a staircase to the Ecumenical Temple.
  3218 | D:4      | Noticed an ogre
  3331 | D:4      | Found a radiant altar of Vehumet.
  3331 | D:4      | Found an iron altar of Okawaru.
  3390 | D:4      | Found a shadowy altar of Dithmenos.
  3435 | D:4      | Reached XP level 5. HP: 26/31 MP: 8/8
  3440 | D:4      | Learned a level 3 spell: Passwall
  3840 | D:4      | Found a sand-covered staircase.
  3847 | Ossuary  | Entered an ossuary
  4303 | Ossuary  | Reached XP level 6. HP: 36/36 MP: 9/9
  4796 | D:3      | Found a sacrificial altar of Ru.
  4968 | D:4      | Killed an ogre
  5136 | D:5      | Entered Level 5 of the Dungeon
  5152 | D:5      | Noticed Sigmund
  5186 | D:5      | Reached XP level 7. HP: 26/41 MP: 8/10
  5328 | D:5      | Found a shimmering altar of Xom.
  5369 | D:5      | Noticed Menkaure
  5414 | D:5      | Found Juwnaohy's Antique Armour Shop.
  5547 | D:5      | Noticed Duvessa
  5574 | D:5      | Killed Duvessa
  5574 | D:5      | Reached skill level 5 in Dodging
  5819 | D:5      | Noticed Dowan
  5830 | D:5      | Killed Dowan
  5949 | D:5      | Noticed Blork the orc
  5978 | D:5      | Killed Blork the orc
  5978 | D:5      | Reached skill level 6 in Dodging
  6010 | D:5      | Found a glowing silver altar of Zin.
  6474 | D:6      | Learned a level 4 spell: Petrify
  6746 | D:6      | Noticed Prince Ribbit
  7019 | D:6      | Reached XP level 8. HP: 46/46 MP: 11/11
  7096 | D:5      | Killed Menkaure
  7096 | D:5      | Reached skill level 5 in Earth Magic
  7367 | D:5      | Found a basalt altar of Yredelemnul.
  7464 | D:5      | Reached skill level 5 in Transmutations
  7490 | D:6      | Found a staircase to the Ecumenical Temple.
  7501 | Temple   | Entered the Ecumenical Temple
  7707 | D:5      | Killed Sigmund
  7890 | D:5      | Killed Prince Ribbit
  7890 | D:5      | Reached skill level 5 in Fighting
  8312 | D:7      | Found a stormy altar of Qazlal.
  8320 | D:7      | Reached skill level 1 in Maces & Flails
  8811 | D:6      | Reached XP level 9. HP: 44/61 MP: 12/12
  9114 | D:7      | Noticed Pikel
  9315 | D:8      | Found a staircase to the Lair.
  9315 | D:8      | Noticed a fire drake
  9430 | D:7      | Reached skill level 5 in Maces & Flails
  9757 | D:8      | Found a blossoming altar of Fedhas.
  9780 | D:8      | Found a bloodstained altar of Trog.
  9861 | D:8      | Found an ancient bone altar of Kikubaaqudgha.
  9999 | D:8      | Reached skill level 7 in Dodging
 10252 | D:8      | Killed a fire drake
 10252 | D:8      | Reached skill level 8 in Dodging
 10944 | D:7      | Killed Pikel
 10944 | D:7      | Reached XP level 10. HP: 50/66 MP: 8/13
 11157 | D:7      | Found a stormy altar of Qazlal.
 11498 | Lair:1   | Entered Level 1 of the Lair of Beasts
 12124 | Lair:1   | Noticed a black mamba
 12159 | Lair:1   | Killed a black mamba
 12959 | D:9      | Found Geryof's Food Shop.
 12974 | D:9      | Bought a royal jelly for 26 gold pieces
 12974 | D:9      | Bought a slice of pizza for 19 gold pieces
 12974 | D:9      | Bought a meat ration for 65 gold pieces
 12974 | D:9      | Bought a beef jerky for 19 gold pieces
 12974 | D:9      | Bought a bread ration for 65 gold pieces
 12974 | D:9      | Bought a meat ration for 65 gold pieces
 13120 | D:9      | Found a burning altar of Makhleb.
 13126 | D:9      | Reached XP level 11. HP: 72/72 MP: 14/14
 13132 | D:9      | Reached skill level 5 in Stealth
 13734 | D:9      | Found a basalt altar of Yredelemnul.
 13813 | D:10     | Entered Level 10 of the Dungeon
 14972 | D:10     | Noticed a hill giant
 15020 | D:10     | Killed a hill giant
 15057 | D:10     | Found a staircase to the Lair.
 15134 | D:10     | Noticed a hill giant
 15156 | D:10     | Killed a hill giant
 15156 | D:10     | Reached skill level 9 in Dodging
 15341 | D:10     | Learned a level 3 spell: Spider Form
 16125 | D:11     | Noticed a hill giant
 16126 | D:11     | Noticed a hill giant
 16171 | D:11     | Killed a hill giant
 16195 | D:11     | Killed a hill giant
 16308 | D:11     | Found a blossoming altar of Fedhas.
 16317 | D:11     | Noticed a hill giant
 16417 | D:9      | Bought a meat ration for 65 gold pieces
 16417 | D:9      | Bought a beef jerky for 19 gold pieces
 16417 | D:9      | Bought a meat ration for 65 gold pieces
 16417 | D:9      | Bought a beef jerky for 19 gold pieces
 16695 | Lair:1   | Reached skill level 1 in Poison Magic
 16990 | Lair:1   | Reached skill level 5 in Unarmed Combat
 17508 | Lair:1   | Noticed a five-headed hydra
 17614 | Lair:2   | Reached XP level 12. HP: 21/81 MP: 15/15
 18383 | Lair:2   | Noticed a six-headed hydra
 19094 | Lair:2   | Noticed Urug
 19122 | Lair:2   | Slain by Urug

Vault maps used:
D:1:      dpeg_arrival_snail
D:2:      trog_butcher_becter
D:3:      grunt_temple_overflow_opulence, nicolae_overflow_hidden_temple
D:4:      grunt_dithmenos_smoke_and_mirrors, gammafunk_temple_overflow_wave,
          minmay_temple_entry_oklob, nicolae_ossuary_entry_monument, first_bread
D:5:      kennysheep_mini_moat, lemuel_round_altar, lemuel_round_altar,
          serial_shops, kennysheep_little_box, st_stairs_4, uniq_sigmund,
          uniq_duvessa, uniq_menkaure, uniq_blork_the_orc
D:6:      uniq_prince_ribbit1
D:7:      grunt_qazlal_clouds, basic_altar, uniq_pikel
D:8:      bloody_trog, fedhas_altar_1, kiku_gazebo_garden_becter,
          minmay_lair_entry_lava, the_bakery, minmay_tree_intersection,
          supply_closet_lemuel
D:9:      basic_altar, makhleb_blood_cavern_becter
D:10:     erik_lair_orcish_takeover
D:11:     basic_altar
Temple:   nicolae_temple_hex_pool
Lair:1:   infiniplex_staircase_pool
Lair:2:   wad_woods_minihive, uniq_urug
Ossuary:  ossuary_crypta

Action                   |  1- 3 |  4- 6 |  7- 9 | 10-12 || total
-------------------------+-------+-------+-------+-------++-------
Melee: Unarmed           |    23 |       |       |   207 ||   230
       Whip              |    47 |    83 |   266 |   347 ||   743
       Staff             |       |    41 |    23 |       ||    64
 Fire: Blowgun           |       |       |     9 |    22 ||    31
       Hunting sling     |       |       |       |     5 ||     5
Throw: Stone             |     2 |     5 |     7 |    14 ||    28
 Cast: Sandblast         |    19 |    18 |    16 |    96 ||   149
       Stoneskin         |     5 |    10 |    12 |     7 ||    34
       Passwall          |       |       |     2 |       ||     2
       Petrify           |       |       |    11 |    48 ||    59
       Spider Form       |       |       |       |    19 ||    19
Invok: Potion Petition   |       |       |     2 |     1 ||     3
       Call Merchant     |       |       |     1 |     1 ||     2
  Use: Scroll            |       |    15 |     2 |     6 ||    23
       Potion            |       |       |     3 |     2 ||     5
 Stab: Sleeping          |     7 |     8 |    15 |    10 ||    40
       Distracted        |       |     2 |     1 |     5 ||     8
       Petrifying        |       |       |     3 |     6 ||     9
       Petrified         |       |       |     2 |    37 ||    39
  Eat: Chunk             |     3 |     5 |       |       ||     8
       Fruit             |       |     5 |     2 |     5 ||    12
       Royal jelly       |       |     1 |       |     1 ||     2
       Bread ration      |       |       |     5 |     3 ||     8
       Pizza             |       |       |     1 |     1 ||     2
       Beef jerky        |       |       |       |     4 ||     4
       Meat ration       |       |       |       |     3 ||     3
